Map: Ascension to Aiur LE

Players

zenasprime - Winner!

  • Race: Terran Terran
  • League: Gold
  • Spawn Location: 11:00

lulztownexp

  • Race: Protoss Protoss
  • League: Silver
  • Spawn Location: 5:00

VOD

Have the link to the VOD?

Description

lolztownexp cannon rush fail because of "hacks".

Time

  • Played on: Dec. 2, 2017, 9:28 a.m.
  • Length: 3:41
Show
View Real Time Build Order
Export as new Build Order

zenasprime Terran - Winner!

Build Orders:  

Get SALT Encoding   

  12  0:01  SCV  
  13  0:13  SCV  
  14  0:18  Supply Depot  
  14  0:25  SCV  
  15  0:32  Refinery  
  15  0:40  SCV  
  16  0:46  Barracks  
  16  0:52  SCV  
  17  1:35  Marine  
  18  1:41  Bunker  
  18  1:44  SCV  
  19  1:55  Marine  
  19  1:56  SCV  
  21  2:23  Factory  
  21  2:26  Marine  
  22  2:42  Orbital Command  
  22  2:50  Supply Depot  
  22  2:58  Barracks Tech Lab  
  22  3:02  Supply Depot  
  22  3:08  Factory Tech Lab  
  22  3:12  Starport  
Show
View Real Time Build Order
Export as new Build Order

lulztownexp Protoss 

Build Orders:  

Get SALT Encoding   

  12  0:02  Probe  
  13  0:23  Pylon  
  13  0:27  Probe  
  14  0:53  Probe  
  15  0:57  Pylon  
  15  1:02  Pylon  
  15  1:16  Forge  
  15  1:23  Probe  
  16  1:34  Pylon  
  16  1:46  Probe  
  17  1:56  Photon Cannon  
  17  1:58  Probe  
  17  2:00  Photon Cannon  
  17  2:05  Photon Cannon  
  17  2:13  Photon Cannon  
  17  2:15  Pylon  
  17  2:18  Probe  
  18  2:24  Pylon  
  18  2:30  Probe  
  19  2:46  Probe  
  20  2:54  Gateway  
  20  2:57  Assimilator  
  20  2:58  Probe  
  20  3:02  Assimilator, Photon Cannon  
  21  3:11  Probe  
  21  3:12  Photon Cannon  
  22  3:20  Photon Cannon  
  22  3:23  Probe  
Tags
 
Add a new tag
Caveats
  • Supply blocks, unpowered buildings, or Contaminate may cause inaccurate times.
  • Supply counts are checked every 10 seconds.